 Dungeon Crawl Stone Soup version 0.21.0-3-g78d12a8 (webtiles) character file.

13359 JirkfaceJones the Destroyer (level 11, -17/64 HPs)
             Began as a Deep Elf Wizard on Jan 13, 2018.
             Was a Believer of Vehumet.
             Demolished by a merfolk
             ... wielding a +0 trident
              (24 damage)
             ... on level 2 of the Lair of Beasts.
             The game lasted 00:59:46 (16071 turns).

JirkfaceJones the Destroyer (Deep Elf Wizard)      Turns: 16071, Time: 00:59:47

Health: -17/64     AC:  7    Str:  4    XL:     11   Next: 74%
Magic:  9/27       EV: 17    Int: 32    God:    Vehumet [**....]
Gold:   729        SH:  8    Dex: 13    Spells: 19/31 levels left

rFire    + + .     SeeInvis .   P - staff of fire
rCold    . . .     Gourm    .   p - +0 buckler
rNeg     . . .     Faith    .   O - +1 robe of Tuvos {+Fly rF+}
rPois    .         Spirit   .   u - +2 helmet
rElec    .         Reflect  +   a - +0 cloak
rCorr    .         Harm     .   (no gloves)
MR       ++...                  (no boots)
Stlth    ++........             r - +3 amulet of reflection
HPRegen  0.20/turn              t - +5 ring of intelligence
MPRegen  0.20/turn              G - ring of protection from magic

@: no status effects
A: no striking features
a: Renounce Religion, Evoke Flight


You were on level 2 of the Lair of Beasts.
You worshipped Vehumet.
Vehumet was pleased with you.
You were not hungry.

You visited 3 branches of the dungeon, and saw 14 of its levels.

You collected 729 gold pieces.

Inventory:

Hand Weapons
 b - the +5 dagger "Lat Jyig" {elec, rElec rPois, unknown}
   (You found it on level 2 of the Lair of Beasts)

   Occasionally, upon striking a foe, it will discharge some electrical energy
   and cause terrible harm.
   It insulates you from electricity.
   It protects you from poison.
 f - a +3 short sword of electrocution
Armour
 a - a +0 cloak (worn)
 p - a +0 buckler (worn)
 u - a +2 helmet (worn)
 x - a +2 robe of magic resistance
 O - the +1 robe of Tuvos (worn) {+Fly rF+}
   (You found it on level 1 of the Lair of Beasts)

   It protects you from fire.
   It lets you fly.
Magical Staves
 L - an uncursed staff of earth
 P - an uncursed staff of fire (weapon)
Jewellery
 r - a +3 amulet of reflection (around neck)
 t - a +5 ring of intelligence (left hand)
 G - a ring of protection from magic (right hand)
Wands
 e - a wand of iceblast (3)
 v - a wand of polymorph (29)
Scrolls
 h - 5 scrolls of remove curse
 m - 2 scrolls of fear
 n - a scroll of summoning
 o - a scroll of fog
 y - a scroll of identify
 B - 3 scrolls of blinking
 C - a scroll of magic mapping
Potions
 i - 2 potions of might
 j - 2 potions of cancellation
 l - a potion of curing
 q - a potion of degeneration
 s - 4 potions of brilliance
 z - 4 potions of haste
 A - 2 potions of flight
 F - 2 potions of resistance
Books
 c - a book of Minor Magic

   Spells                             Type                      Level
   a - Magic Dart                     Conjuration                  1
   b - Blink                          Translocation                2
   c - Call Imp                       Summoning                    2
   d - Slow                           Hexes                        2
   e - Conjure Flame                  Conjuration/Fire             3
   f - Mephitic Cloud                 Conjuration/Poison/Air       3
Comestibles
 d - 15 rations


   Skills:
 + Level 6.1 Fighting
 + Level 9.2 Dodging
 - Level 2.4 Stealth
 - Level 5.0 Shields
 + Level 10.5 Spellcasting
 * Level 11.3 Conjurations
 - Level 1.1 Summonings
 - Level 1.1 Translocations
 + Level 5.3 Fire Magic
 - Level 5.0 Air Magic


You had 19 spell levels left.
You knew the following spells:

 Your Spells              Type           Power        Failure   Level  Hunger
a - Flame Tongue          Conj/Fire      #####        1%          1    None
b - Mephitic Cloud        Conj/Pois/Air  ######..     1%          3    None
c - Conjure Flame         Conj/Fire      #######.     1%          3    None
d - Blink                 Tloc           N/A          2%          2    None
e - Call Imp              Summ           ###.....     2%          2    None
f - Magic Dart            Conj           ####         1%          1    None


Dungeon Overview and Level Annotations

Branches:
Dungeon (11/15)            Temple (1/1) D:5            Lair (2/6) D:8
 Shoals (0/4) Lair:2
  Snake: Lair:2-4    Spider: Lair:2-4       Orc: D:9-12

Altars:
Ashenzari
Cheibriados
Dithmenos
Elyvilon
Fedhas
Gozag
Hepliaklqana
Kikubaaqudgha
Makhleb
Nemelex Xobeh
Okawaru
Qazlal
Ru
Sif Muna
Trog
Uskayaw
Vehumet
Wu Jian
Xom
Yredelemnul
Zin
The Shining One


Message History

Casting: Flame Tongue
Confirm with . or Enter, or press ? or * to list all spells.
Aiming: Conjure Flame
Press: ? - help, Dir - move target cursor, p - merfolk You feel a surge of power!
The fire ignites!
You block the merfolk's attack.
Casting: Conjure Flame
Confirm with . or Enter, or press ? or * to list all spells.
A beastly little devil appears in a puff of flame.
The merfolk hits you with a trident!!
* * * LOW HITPOINT WARNING * * *
Casting: Call Imp
Confirm with . or Enter, or press ? or * to list all spells.
A beastly little devil appears in a puff of frigid air.
The merfolk closely misses you.
Your crimson imp closely misses the merfolk.
Casting: Call Imp
Confirm with . or Enter, or press ? or * to list all spells.
A beastly little devil appears in a puff of frigid air.
The merfolk hits you with a trident!!
You die...

##### #@5.#
###m5# #.≈.5#
#≈≈m.#.## .
≈≈≈≈...#..# ?#
#>#..###.P# ≈.#
)..###...## ≈≈≈#
### ##..P# ##≈≈P
#...D#####..#♣≈♣


You could see a merfolk, a friendly crimson imp and 2 friendly white imps.

Vanquished Creatures
  A hydra (Lair:1)
  3 two-headed ogres
  An unseen horror (D:10)
  A black mamba (Lair:2)
  2 spiny frogs (Lair:1)
  A hornet (D:9)
  2 slime creatures (D:10)
  A blink frog (Lair:2)
  3 hippogriffs
  The ghost of ewwic the Skirmisher, an amateur VSFi (D:4)
  A wyvern (D:9)
  A spriggan (D:10)
  A wraith (D:9)
  18 yaks
  A hungry ghost (D:7)
  A water moccasin (Lair:1)
  8 porcupines
  A phantom (D:7)
  5 ice beasts
  An orc warrior (D:8)
  6 ogres
  5 crocodiles
  Blork the orc (D:6)
  A big kobold (D:8)
  5 bullfrogs
  2 scorpions
  5 wights (D:9)
  4 killer bees (D:10)
  2 howler monkeys
  4 lava snakes (D:10)
  A crimson imp (D:5)
  A bullfrog zombie (D:5)
  A centaur zombie (D:8)
  2 jellies
  4 bullfrog skeletons
  4 orc priests
  5 hounds
  3 centaur skeletons
  3 iguanas
  4 orc wizards
  4 worker ants
  A hound skeleton (D:10)
  7 adders
  3 shadow imps
  2 oozes (D:1)
  An adder skeleton (D:8)
  An adder zombie (D:9)
  2 worms
  7 dart slugs
  4 leopard geckos
  26 orcs
  7 giant cockroaches
  5 goblins
  6 hobgoblins
  6 jackals
  A quokka (D:9)
  A ball python (D:2)
  4 bats
  8 frilled lizards
  13 kobolds
  4 rats
  A fungus (Lair:2)
231 creatures vanquished.

Vanquished Creatures (others)
  9 fungi
9 creatures vanquished.

Grand Total: 240 creatures vanquished

Notes
Turn   | Place    | Note
-------+----------+-------------------------------------------
     0 | D:1      | JirkfaceJones the Deep Elf Wizard began the quest for the Orb.
     0 | D:1      | Reached XP level 1. HP: 10/10 MP: 7/7
   223 | D:1      | Reached XP level 2. HP: 16/16 MP: 5/9
   437 | D:1      | Reached skill level 2 in Conjurations
   730 | D:1      | Reached XP level 3. HP: 20/20 MP: 9/11
  1501 | D:2      | Reached skill level 1 in Fighting
  1727 | D:3      | Learned a level 3 spell: Mephitic Cloud
  1731 | D:3      | Learned a level 3 spell: Conjure Flame
  1734 | D:3      | Learned a level 2 spell: Blink
  1737 | D:3      | Learned a level 2 spell: Call Imp
  1782 | D:3      | Reached skill level 5 in Spellcasting
  1782 | D:3      | Reached XP level 4. HP: 19/25 MP: 2/13
  2277 | D:3      | Reached skill level 3 in Conjurations
  2554 | D:3      | Reached XP level 5. HP: 19/29 MP: 4/14
  2779 | D:3      | Noticed an ice beast
  2807 | D:3      | Killed an ice beast
  2807 | D:3      | Reached skill level 1 in Shields
  2807 | D:3      | Reached skill level 1 in Air Magic
  3251 | D:4      | Noticed an ogre
  3261 | D:4      | Killed an ogre
  3261 | D:4      | Reached skill level 4 in Conjurations
  3261 | D:4      | Reached XP level 6. HP: 35/35 MP: 1/16
  3695 | D:4      | Reached XP level 7. HP: 40/40 MP: 1/17
  4193 | D:4      | Reached skill level 5 in Conjurations
  4428 | D:4      | Noticed ewwic's ghost (amateur VSFi)
  4543 | D:4      | Killed ewwic's ghost
  4735 | D:5      | Entered Level 5 of the Dungeon
  4735 | D:5      | Found a hazy altar of Hepliaklqana.
  4870 | D:5      | Found a staircase to the Ecumenical Temple.
  4883 | Temple   | Entered the Ecumenical Temple
  5043 | Temple   | Became a worshipper of Vehumet
  5145 | D:5      | Reached XP level 8. HP: 37/45 MP: 9/19
  5173 | D:5      | Reached skill level 5 in Dodging
  6189 | D:6      | Noticed Blork the orc
  6281 | D:6      | Killed Blork the orc
  6281 | D:6      | Reached skill level 6 in Conjurations
  6940 | D:6      | Found a shimmering altar of Xom.
  8210 | D:7      | Reached skill level 7 in Conjurations
  8210 | D:7      | Reached XP level 9. HP: 51/51 MP: 10/22
  8454 | D:7      | Found a shadowy altar of Dithmenos.
  8454 | D:7      | Found a sparkling altar of Nemelex Xobeh.
  8876 | D:8      | Reached * piety under Vehumet
  8876 | D:8      | Offered knowledge of Sting by Vehumet.
  9375 | D:8      | Reached skill level 8 in Conjurations
  9501 | D:8      | Found a staircase to the Lair.
 10189 | D:8      | Reached skill level 5 in Air Magic
 10204 | D:8      | Reached XP level 10. HP: 58/58 MP: 9/24
 10524 | D:8      | Found an iron altar of Okawaru.
 10524 | D:8      | Found a bloodstained altar of Trog.
 10734 | D:9      | Noticed a two-headed ogre
 11019 | D:9      | Noticed a two-headed ogre
 11041 | D:9      | Killed a two-headed ogre
 11041 | D:9      | Reached skill level 9 in Conjurations
 11041 | D:9      | Reached skill level 1 in Fire Magic
 12271 | D:10     | Entered Level 10 of the Dungeon
 12285 | D:10     | Noticed a two-headed ogre
 12614 | D:10     | Killed a two-headed ogre
 12614 | D:10     | Reached skill level 5 in Fighting
 12681 | D:10     | Killed an unseen horror
 12713 | D:10     | Reached skill level 10 in Conjurations
 12822 | D:10     | Noticed a two-headed ogre
 12831 | D:10     | Killed a two-headed ogre
 12831 | D:10     | Reached skill level 5 in Shields
 12831 | D:10     | Reached XP level 11. HP: 28/64 MP: 15/26
 13649 | D:10     | Reached ** piety under Vehumet
 13649 | D:10     | Offered knowledge of Flame Tongue by Vehumet.
 13667 | D:10     | Reached skill level 10 in Spellcasting
 14391 | D:11     | Noticed a green ugly thing
 14469 | Lair:1   | Entered Level 1 of the Lair of Beasts
 14782 | Lair:1   | Reached skill level 11 in Conjurations
 14971 | Lair:1   | Got a distressingly furry robe
 14982 | Lair:1   | Identified the +1 robe of Tuvos {+Fly rF+} (You found it on level 1 of the Lair of Beasts)
 14992 | Lair:1   | Learned a level 1 spell: Flame Tongue
 15000 | Lair:1   | Noticed a seven-headed hydra
 15021 | Lair:1   | Killed a seven-headed hydra
 15021 | Lair:1   | Reached skill level 5 in Fire Magic
 16020 | Lair:2   | Found a staircase to the Shoals.
 16023 | Lair:2   | Got a pitted dagger
 16046 | Lair:2   | Noticed a four-headed hydra
 16071 | Lair:2   | Demolished by a merfolk

Skill      XL: |  1  2  3  4  5  6  7  8  9 10 11 |
---------------+----------------------------------+-----
Conjurations   | 2 3 4 5 7 8 10 11 | 11.3
Dodging        | 3 4 5 7 8 9 |  9.2
Fighting       | 1 2 3 4 5 6 |  6.1
Spellcasting   | 5 6 7 8 9 10 | 10.5
Shields        | 1 2 3 4 5 |  5.0
Air Magic      | 1 2 3 5 |  5.0
Fire Magic     | 3 5 |  5.3
Stealth        | |  2.4
Summonings     | |  1.1
Translocations | |  1.1

Action                   |  1- 3 |  4- 6 |  7- 9 | 10-12 || total
-------------------------+-------+-------+-------+-------++-------
Melee: Unarmed           |     1 |       |       |       ||     1
       Short sword       |       |       |     8 |    47 ||    55
       Staff             |       |       |       |    21 ||    21
 Cast: Magic Dart        |   115 |   125 |   389 |   402 ||  1031
       Conjure Flame     |       |     7 |    23 |    42 ||    72
       Mephitic Cloud    |       |     1 |    11 |     8 ||    20
       Blink             |       |       |     7 |     5 ||    12
       Flame Tongue      |       |       |       |    52 ||    52
       Call Imp          |       |       |       |     6 ||     6
Evoke: Wand              |       |       |       |     8 ||     8
  Use: Scroll            |     9 |     3 |     4 |    15 ||    31
       Potion            |       |       |       |    11 ||    11
  Eat: Chunk             |     2 |     3 |    12 |     8 ||    25
       Ration            |       |     1 |     2 |     3 ||     6
Armor: Robe              |     2 |     1 |     4 |    20 ||    27
       Skin              |       |       |       |    14 ||    14
Dodge: Dodged            |     9 |     4 |    31 |    94 ||   138
Block: Buckler           |       |       |    13 |    61 ||    74
